 Dungeon Crawl Stone Soup version 0.29-a0-717-g6dac4ea (webtiles) character file.

Game seed: 3639816468607301891

1935 Jackal the Ruffian (level 8, -1/63 HPs)
             Began as a Red Draconian Transmuter on June 26, 2022.
             Was a Priest of Dithmenos.
             Succumbed to a killer bee's poison
             ... on level 7 of the Dungeon.
             The game lasted 00:25:23 (4655 turns).

Jackal the Ruffian (Red Draconian Transmuter)       Turns: 4655, Time: 00:25:24

Health: -1/63      AC:  6    Str: 14    XL:     8   Next: 97%
Magic:  24/24      EV: 13    Int: 17    God:    Dithmenos [***...]
Gold:   291        SH:  0    Dex: 11    Spells: 15/16 levels left

rFire   + . .      SeeInvis .     - Unarmed
rCold   . . .      Faith    .   (no shield)
rNeg    . . .      Spirit   .   (body armour unavailable)
rPois   .          Reflect  .   (helmet currently unavailable)
rElec   .          Harm     .   (no cloak)
rCorr   .          Rampage  .   (no gloves)
Will    .....                   (boots currently unavailable)
Stlth   ++........              (no amulet)
HPRegen 1.00/turn               t - +4 ring of slaying
MPRegen 0.19/turn               b - ring of magical power

@: lethally poisoned (-1 -> -13), about to teleport, appendages, marked,
wreathed by umbra
A: horns 2, talons 2, breathe fire, AC +6, unfitting armour, fire resistance 1,
cold-blooded, clever 1, regeneration 1
a: Breathe Fire, End Transformation, Renounce Religion, Shadow Step


You were on level 7 of the Dungeon.
You worshipped Dithmenos.
Dithmenos was most pleased with you.
You had temporarily grown beastly horns and talons.
You visited 2 branches of the dungeon, and saw 8 of its levels.

You collected 291 gold pieces.

Inventory:

Armour
 m - a +2 scale mail of cold resistance
 o - a +0 plate armour
Jewellery
 b - a ring of magical power (right hand)
 f - a ring of magical power
 g - a ring of wizardry
 r - a ring of resist corrosion
 t - a +4 ring of slaying (left hand)
Wands
 v - a wand of acid (9)
Scrolls
 c - 2 scrolls of amnesia
 d - 2 scrolls of enchant weapon
 h - a scroll of enchant armour {unknown}
 i - a scroll of fear {unknown}
 j - a scroll of fog {unknown}
 k - a scroll of noise {unknown}
 l - a scroll of acquirement {unknown}
 q - 2 scrolls of teleportation
 s - a scroll of magic mapping {unknown}
 u - a scroll of silence {unknown}
Potions
 a - 3 potions of lignification
 e - 4 potions of brilliance {unknown}
 n - a potion of mutation
 p - a potion of cancellation {unknown}
 w - 2 potions of heal wounds
 x - a potion of degeneration {unknown}


   Skills:
 + Level 3.4 Fighting
 + Level 5.0 Dodging
 + Level 1.9 Stealth
 + Level 7.6 Unarmed Combat
 + Level 4.7 Spellcasting
 + Level 5.0 Transmutations


You had 15 spell levels left.
You knew the following spells:

 Your Spells              Type           Power      Damage    Failure   Level
a - Beastly Appendage     Tmut           42%        N/A       1%          1

Your spell library contained the following spells:

 Spells                   Type           Power      Damage    Failure   Level
 Wereblood                Tmut           21%        N/A       2%          2
 Spider Form              Tmut/Pois      12%        N/A       16%         3
 Ice Form                 Ice/Tmut       12%        N/A       45%         4


Dungeon Overview and Level Annotations

Branches:
Dungeon (7/15)             Temple (1/1) D:4

Altars:
Ashenzari
Cheibriados
Dithmenos
Elyvilon
Fedhas
Kikubaaqudgha
Makhleb
Nemelex Xobeh
Okawaru
Qazlal
Ru
Sif Muna
Trog
Uskayaw
Vehumet
Wu Jian
Yredelemnul
Zin
The Shining One

Shops:
D:6 :


Innate Abilities, Weirdness & Mutations

You have temporarily grown beastly horns and talons.
You can breathe blasts of fire.
Your fiery red scales are hard. (AC +6)
You cannot fit into any form of body armour.
Your flesh is heat resistant. (rF+)
You are cold-blooded and may be slowed by cold attacks.
Your mind is acute. (Int +4, Str/Dex -1)
Your natural rate of healing is unusually fast.


Message History

You feel very sick. The hound closely misses you. The killer bee stings you.
The hound barely misses you.
You hit the hound.
You kill the hound!
Dithmenos accepts your kill.
You feel very sick. The killer bee completely misses you.
The killer bee closely misses you.
The killer bee attacks as you move away!
The killer bee stings you.
You are more poisoned.
The killer bee poisons you!
An orc comes into view. It is wielding a +0 club.
You feel very sick. The killer bee barely misses you.
An orc comes into view. It is wielding a +0 flail.
You see here a bullfrog corpse.
You feel very sick.
An orc comes into view. It is wielding a +0 club.
The killer bee attacks as you move away!
The killer bee stings you.
You feel very sick.
The killer bee stings you but does no damage. x3
The orc attacks as you move away! The orc hits you with a +0 club.
* * * LOW HITPOINT WARNING * * *
You feel sick. The killer bee completely misses you.
As you read the scroll of teleportation, it crumbles to dust.
You feel strangely unstable.
You feel sick. The killer bee stings you.
* * * LOW HITPOINT WARNING * * *
You are more poisoned.
The killer bee poisons you! The killer bee stings you.
* * * LOW HITPOINT WARNING * * *
Unknown command.
Unknown command.
The killer bee attacks as you move away!
The killer bee stings you.
* * * LOW HITPOINT WARNING * * *
You are more poisoned.
The killer bee poisons you!
You die... ###. #zl

#o# #.#
#######z#######
......zyo...oo.
#######y#######
#.# #@# #.# #.#
#.# #.# #.# #.#
#.#
#############
#.#


You could see an iguana, 2 killer bees, 3 wights and 2 orcs.

Vanquished Creatures
  Grinder (D:6)
  2 ice beasts
  2 ogres
  A centaur (D:7)
  A phantom (D:4)
  4 necrophages
  2 bullfrogs
  4 scorpions
  A killer bee (D:7)
  2 howler monkeys
  An orc priest (D:4)
  4 hounds
  An iguana (D:4)
  6 orc wizards
  4 gnolls (D:4)
  7 adders
  A white imp (D:4)
  An ufetubus (D:4)
  A worm (D:4)
  A dart slug (D:1)
  20 orcs
  5 ball pythons
  4 endoplasms
  A giant cockroach (D:3)
  3 goblins (D:1)
  7 hobgoblins
  4 jackals
  2 quokkas
  2 training dummies (D:5)
  A frilled lizard (D:1)
  A kobold (D:4)
  5 rats
  A spectral hobgoblin (D:2)
103 creatures vanquished.

Notes
Turn   | Place    | Note
-------+----------+-------------------------------------------
     0 | D:1      | Jackal the Draconian Transmuter began the quest for the
                  | Orb.
     0 | D:1      | Reached XP level 1. HP: 16/16 MP: 3/3
   208 | D:1      | Reached XP level 2. HP: 17/23 MP: 5/5
   898 | D:2      | Found a faded altar of an unknown god.
   912 | D:2      | Prayed at the altar of an unknown god.
   912 | D:2      | Became a worshipper of Dithmenos the Shadowed
   912 | D:2      | Reached * piety under Dithmenos
  1042 | D:2      | Reached XP level 3. HP: 12/28 MP: 4/6
  1489 | D:3      | Found a white marble altar of Elyvilon.
  1515 | D:3      | Found an iron altar of Okawaru.
  1626 | D:3      | Gained mutation: Your natural rate of healing is unusually
                  | fast. [potion of mutation]
  1626 | D:3      | Gained mutation: Your mind is acute. (Int +4, Str/Dex -1)
                  | [potion of mutation]
  1654 | D:3      | Reached XP level 4. HP: 23/35 MP: 7/7
  2253 | D:4      | Found a staircase to the Ecumenical Temple.
  2306 | D:4      | Reached XP level 5. HP: 41/41 MP: 9/9
  2475 | D:4      | Reached skill level 4 in Unarmed Combat
  2510 | Temple   | Entered the Ecumenical Temple
  2900 | D:4      | Noticed a phantom
  2901 | D:4      | Reached XP level 6. HP: 48/48 MP: 10/10
  2964 | D:4      | Reached ** piety under Dithmenos
  3196 | D:5      | Entered Level 5 of the Dungeon
  3219 | D:5      | Reached skill level 5 in Unarmed Combat
  3219 | D:5      | Your scales start taking on a fiery red colour.
  3219 | D:5      | Reached XP level 7. HP: 24/55 MP: 12/12
  3219 | D:5      | Gained mutation: Your flesh is heat resistant. (rF+) [Red
                  | Draconian growth]
  3553 | D:5      | Reached skill level 6 in Unarmed Combat
  3795 | D:5      | Reached skill level 1 in Stealth
  3795 | D:5      | Reached XP level 8. HP: 59/62 MP: 14/14
  3811 | D:5      | Found an ornate altar of the Wu Jian Council.
  4067 | D:6      | Noticed Grinder
  4097 | D:6      | Paralysed by Grinder for 2 turns
  4105 | D:6      | Paralysed by Grinder for 3 turns
  4111 | D:6      | Killed Grinder
  4169 | D:6      | Found Qetueg's Book Boutique.
  4246 | D:6      | Reached skill level 7 in Unarmed Combat
  4502 | D:6      | Reached *** piety under Dithmenos
  4640 | D:7      | Reached skill level 5 in Dodging
  4646 | D:7      | Reached skill level 5 in Transmutations
  4655 | D:7      | HP: 2/63 [killer bee (3)]
  4655 | D:7      | Succumbed to a killer bee's poison

Illustrated notes

Levels and vault maps discovered:
D:1:      dpeg_arrival_short_road, layout_basic
D:2:      layout_basic, dreamdust_ecumenical_altar_drowned_temple
D:3:      kennysheep_big_flooded_room, layout_rooms, minitemple
D:4:      layout_basic, minmay_temple_entry_mini_moons
D:5:      dreamdust_elfheim, layout_cave_pools, kennysheep_little_box,
          kennysheep_mini
D:6:      layout_basic, serial_shops, shop, uniq_grinder
D:7:      layout_basic
Temple:   eino_temple_scatter_basement

Skill      XL: |  1  2  3  4  5  6  7  8 |
---------------+-------------------------+-----
Dodging        | 2 3 4 5 |  5.0
Fighting       | 2 3 |  3.4
Transmutations | 3 4 5 |  5.0
Spellcasting   | 3 4 |  4.7
Unarmed Combat | 4 5 6 7 |  7.6
Stealth        | 1 |  1.9

Action                   |  1- 3 |  4- 6 |  7- 9 || total
-------------------------+-------+-------+-------++-------
Melee: Unarmed           |   131 |   146 |   206 ||   483
       Kick              |    13 |    34 |    44 ||    91
       Tailslap          |     6 |    23 |    25 ||    54
       Headbutt          |     7 |    22 |    28 ||    57
       Punch             |       |     2 |    13 ||    15
 Cast: Beastly Appendage |    17 |    25 |    21 ||    63
  Use: Potion            |     7 |     1 |     2 ||    10
       Scroll            |       |       |     4 ||     4
 Stab: Sleeping          |       |       |     1 ||     1
Armor: Skin              |    46 |    52 |    53 ||   151
Dodge: Dodged            |    91 |   153 |   165 ||   409

Table legend: (Time is in decaauts)
 A = Elapsed time spent in this place.
 B = Non-inter-level travel time spent in this place.
 C = Inter-level travel time spent in this place.
 D = Time resting spent in this place.
 E = Time spent auto-exploring this place.
 F = Levels seen in this place.
 G = Mean time per level.
                   A        B        C        D        E       F      G
               +--------+--------+--------+--------+--------+-----+--------+
         Total |   4599 |   4599 |      0 |    744 |      8 |   8 |  574.9 |
       Dungeon |   4259 |   4259 |      0 |    744 |      8 |   7 |  608.4 |
        Temple |    339 |    339 |      0 |      0 |      0 |   1 |  339.0 |
               +--------+--------+--------+--------+--------+-----+--------+

Top non-repeatable levels by time:
     D:2: 914 daAuts
     D:4: 732 daAuts
     D:5: 685 daAuts
     D:6: 681 daAuts
     D:3: 661 daAuts
     D:1: 518 daAuts
  Temple: 339 daAuts
     D:7: 66 daAuts
